 Dungeon Crawl Stone Soup version 0.31-a0-618-g7ca08c1ff9 (webtiles) character file.

Game seed: 12137540688312883942

91 pascalblue the Gusty (level 4, -2/24 HPs)
             Began as a Deep Elf Air Elementalist on Aug 22, 2023.
             Slain by Pargi (6 damage)
             ... in a sewer.
             The game lasted 00:05:27 (2941 turns).

pascalblue the Gusty (Deep Elf Air Elementalist)    Turns: 2941, Time: 00:05:27

Health: -2/24      AC:  3    Str:  5    XL:     4   Next: 34%
Magic:  3/12       EV: 12    Int: 22    God:
Gold:   125        SH:  0    Dex: 15    Spells: 5/11 levels left

rFire   . . .        k - +3 mace (protect)
rCold   . . .        (no shield)
rNeg    . . .        a - +0 robe
rPois   .            h - +0 helmet
rElec   .            (no cloak)
rCorr   .            (no gloves)
SInv    .            (no boots)
Will    .....        (no amulet)
Stlth   +            (no ring)
HPRegen 0.24/turn    (no ring)
MPRegen 0.13/turn

%: no passive effects
@: very slow
A: no striking features
a: no special abilities


You were in a sewer.
You visited 1 branch of the dungeon, and saw 3 of its levels.
You also visited: Sewer.

You collected 125 gold pieces.

Inventory:

Hand Weapons
 e - a +0 short sword
 k - a +3 mace of protection (weapon)
Armour
 a - a +0 robe (worn)
 h - a +0 helmet (worn)
Scrolls
 f - 3 scrolls of teleportation {unknown}
 i - a scroll of identify
 j - a scroll of immolation
 l - a scroll of torment {unknown}
Potions
 b - a potion of magic
 c - 2 potions of mutation {unknown}
 d - a potion of berserk rage
 g - a potion of brilliance


   Skills:
 - Level 2.4 Dodging
 - Level 2.4 Stealth
 + Level 4.1 Spellcasting
 + Level 2.3 Conjurations
 * Level 4.2 Air Magic


You had 5 spell levels left.
You knew the following spells:

 Your Spells              Type           Power      Damage    Failure   Level
a - Shock                 Conj/Air       76%        1d7       3%          1
b - Static Discharge      Conj/Air       38%        2-4/arc   4%          2
c - Swiftness             Air            23%        N/A       6%          3

Your spell library contained the following spells:

 Spells                   Type           Power      Damage    Failure   Level
 Ensorcelled Hibernation  Hex/Ice        8%         N/A       17%         2
 Airstrike                Air            11%        2d(2-18)  19%         4
 Anguish                  Hex/Necr       2%         N/A       73%         4


Dungeon Overview and Level Annotations

Branches:
Dungeon (3/15)              Sewer (1/1)

Altars:

Shops:
D:2 [

Annotations:
Sewer Pargi


Message History

Confirm with . or Enter, or press ? or * to list all spells.
Aiming: Shock (safe; 3% risk of failure)
Press: ? - help, Shift-Dir - straight line, f - Pargi
Aim: Pargi (64% to hit)
The zap misses Pargi.
Casting: Shock (safe; 3% risk of failure)
Confirm with . or Enter, or press ? or * to list all spells.
Pargi is struck by an arc of lightning.
Pargi is lightly wounded.
You are struck by an arc of lightning.
The lightning grounds out.
A frilled lizard comes into view.
Pargi closely misses you. x2; Pargi claws you but does no damage.
Casting: Static Discharge (safe; 4% risk of failure)
Confirm with . or Enter, or press ? or * to list all spells.
Pargi is struck by an arc of lightning.
Pargi is lightly wounded.
You are struck by an arc of lightning.
Pargi is struck by an arc of lightning.
Pargi is moderately wounded.
You are struck by an arc of lightning.
The lightning grounds out.
Pargi bites you. Pargi completely misses you. Pargi claws you.
Casting: Static Discharge (safe; 4% risk of failure)
Confirm with . or Enter, or press ? or * to list all spells.
Pargi is struck by an arc of lightning.
Pargi is heavily wounded.
You are struck by an arc of lightning.
Pargi is struck by an arc of lightning.
Pargi is heavily wounded.
You are struck by an arc of lightning.
The lightning grounds out.
Pargi barely misses you. Pargi closely misses you. Pargi barely misses you.
Casting: Static Discharge (safe; 4% risk of failure)
Confirm with . or Enter, or press ? or * to list all spells.
Pargi is struck by an arc of lightning.
Pargi is severely wounded.
You are struck by an arc of lightning.
* * * LOW HITPOINT WARNING * * *
Pargi is struck by an arc of lightning.
Pargi is almost dead.
You are struck by an arc of lightning.
* * * LOW HITPOINT WARNING * * *
The lightning grounds out.
Pargi bites you.
You die...

#≈≈≈## ##≈##≈≈≈##
≈≈≈≈≈≈≈##≈≈≈≈≈≈≈≈#
≈≈≈≈≈≈≈≈≈≈≈≈≈≈≈≈≈≈≈
≈≈≈≈≈≈≈≈≈≈≈≈≈≈≈≈≈≈≈
≈≈≈≈≈≈≈≈≈≈≈≈≈≈≈≈≈≈≈≈≈
≈≈≈≈≈≈≈≈≈≈≈≈≈≈≈≈≈≈≈≈≈≈
##≈≈≈≈≈≈≈≈≈≈≈≈≈≈≈≈≈≈≈≈≈
##≈≈≈≈≈≈≈≈≈≈≈≈.~@T≈≈l≈≈≈
≈≈≈≈≈≈≈≈≈≈≈≈≈.####.≈≈≈≈≈
#≈≈≈≈≈≈≈≈≈≈≈~## .~≈≈≈
#≈≈≈≈≈≈≈≈≈≈≈~# #~≈≈
≈≈≈≈≈≈≈≈≈≈~~.# ~~
≈≈≈≈≈≈≈≈.~#### .
≈≈≈≈≈≈≈≈~~# #≈≈≈≈≈≈...#
≈≈≈≈≈≈~####


You could see Pargi and a frilled lizard.

Vanquished Creatures
  3 adders (D:2)
  3 worms
  3 dart slugs
  An orc (D:3)
  An endoplasm (D:2)
  2 giant cockroaches
  3 hobgoblins
  4 jackals (D:1)
  2 quokkas
  9 ball pythons
  6 bats
  5 frilled lizards
  5 kobolds
  4 rats (D:1)
51 creatures vanquished.

Notes
Turn   | Place    | Note
-------+----------+-------------------------------------------
     0 | D:1      | pascalblue the Deep Elf Air Elementalist began the quest
                  | for the Orb.
     0 | D:1      | Reached XP level 1. HP: 10/10 MP: 6/6
   365 | D:1      | Reached XP level 2. HP: 15/15 MP: 4/8
  1499 | D:2      | Reached XP level 3. HP: 19/19 MP: 3/10
  1502 | D:2      | Learned a level 2 spell: Static Discharge
  1506 | D:2      | Learned a level 3 spell: Swiftness
  1739 | D:2      | Found Eneshraga's Antique Armour Emporium.
  2153 | D:2      | Found a faded altar of an unknown god.
  2157 | D:2      | Reached XP level 4. HP: 24/24 MP: 8/12
  2861 | D:3      | Found a glowing drain.
  2902 | Sewer    | Entered a sewer
  2936 | Sewer    | Noticed Pargi
  2941 | Sewer    | Slain by Pargi

Illustrated notes

Levels and vault maps discovered:
D:1:      dpeg_arrival_castle, layout_basic
D:2:      layout_loops_ring, hellmonk_ecumenical_altar_heavens_door,
          serial_shops, shop_fountains
D:3:      layout_rooms, lemuel_tele_altar, fiery_altar_vehumet,
          cheibrodos_sewer_entry_drain, kennysheep_generic_room_10
Sewer:    sewer_co_pargi_island

Skill      XL: |  1  2  3 |
---------------+----------+-----
Conjurations   | 2 |  2.3
Air Magic      | 4 |  4.2
Spellcasting   | 4 |  4.1
Dodging        | |  2.4
Stealth        | |  2.4

Action                     |  1- 3 |  4- 6 || total
---------------------------+-------+-------++-------
  Melee: Mace              |       |     1 ||     1
         Punch             |       |     1 ||     1
   Cast: Shock             |    95 |    34 ||   129
         Static Discharge  |       |     4 ||     4
    Use: Scroll            |     4 |       ||     4
 Armour: Robe              |     6 |     3 ||     9
  Dodge: Dodged            |     8 |    10 ||    18

Table legend: (Time is in decaauts)
 A = Elapsed time spent in this place.
 B = Non-inter-level travel time spent in this place.
 C = Inter-level travel time spent in this place.
 D = Time resting spent in this place.
 E = Time spent auto-exploring this place.
 F = Levels seen in this place.
 G = Mean time per level.
                   A        B        C        D        E       F      G
               +--------+--------+--------+--------+--------+-----+--------+
         Total |   2948 |   2837 |    111 |      0 |   2499 |   4 |  737.0 |
       Dungeon |   2904 |   2793 |    111 |      0 |   2464 |   3 |  968.0 |
         Sewer |     43 |     43 |      0 |      0 |     34 |   1 |   43.0 |
               +--------+--------+--------+--------+--------+-----+--------+

Top non-repeatable levels by time:
     D:1: 1375 daAuts
     D:2: 1148 daAuts
     D:3: 380 daAuts
   Sewer: 43 daAuts
